 Dungeon Crawl Stone Soup version 0.28.0-1-gb440e238dd (webtiles) character file.

Game seed: 17927377455388801638

50280 Crownlay the Eclecticist (level 14, -9/88 HPs)
             Began as a Gargoyle Earth Elementalist on Feb 20, 2022.
             Was a High Priest of Vehumet.
             Mangled by a reaper (13 damage)
             ... in a Gauntlet.
             The game lasted 00:57:46 (23142 turns).

Crownlay the Eclecticist (GrEE)                    Turns: 23142, Time: 00:57:47

Health: -9/88      AC: 18    Str: 15    XL:     14   Next: 54%
Magic:  5/34       EV: 11    Int: 20    God:    Vehumet [*****.]
Gold:   793        SH:  6    Dex: 10    Spells: 19/45 levels left

rFire   . . .      SeeInvis .   u - +2 mace (protect)
rCold   . . .      Faith    .   G - +2 buckler
rNeg    + + +      Spirit   .   w - +1 robe {Archmagi}
rPois   ∞          Reflect  .   q - +2 helmet
rElec   +          Harm     .   f - scarf {shadows}
rCorr   +          Rampage  .   M - +0 pair of gloves
Will    +....      Archmagi +   F - +0 pair of boots
Stlth   ++........ NoTele   +   (no amulet)
HPRegen 0.24/turn               k - ring "Pyrirch" {rN++ rCorr Str+2}
MPRegen 0.24/turn               p - ring of wizardry

@: flying, slightly contaminated
A: sickness immunity, AC +10, big wings, negative energy resistance 1,
electricity resistance, torment resistance 1, petrification resistance
a: Renounce Religion


You were in a Gauntlet.
You worshipped Vehumet.
Vehumet was extremely pleased with you.
You visited 3 branches of the dungeon, and saw 18 of its levels.
You also visited: Ossuary and Gauntlet.

You collected 793 gold pieces.

Inventory:

Hand Weapons
 u - a +2 mace of protection (weapon)
Missiles
 B - 44 stones
Armour
 f - a scarf of shadows (worn)
 q - a +2 helmet (worn)
 w - a +1 robe of the Archmagi (worn)
 F - a +0 pair of boots (worn)
 G - a +2 buckler (worn)
 M - a +0 pair of gloves (worn)
Jewellery
 c - the ring "Etinatuy" {rPois rF+ rN+++ Will- Dex-3}
   (You found it on level 11 of the Dungeon)

   [ring of protection from fire]

   Dex:       It affects your dexterity (-3).
   rF:        It protects you from fire.
   rPois:     It protects you from poison.
   rN:        It renders you almost immune to negative energy.
   Will:      It decreases your willpower.
 k - the ring "Pyrirch" (left hand) {rN++ rCorr Str+2}
   (You found it in a Gauntlet)

   [ring of resist corrosion]

   Str:       It affects your strength (+2).
   rN:        It greatly protects you from negative energy.
   rCorr:     It protects you from acid and corrosion.
 o - a ring of protection from fire
 p - a ring of wizardry (right hand)
 x - a ring of fire
 y - a ring of see invisible
 R - a ring of positive energy
Wands
 C - a wand of polymorph (25)
 D - a wand of paralysis (11)
 H - a wand of charming (9)
 N - a wand of iceblast (4)
 O - a wand of digging (6)
 P - a wand of flame (3)
Scrolls
 g - a scroll of silence
 i - a scroll of holy word {unknown}
 m - a scroll of noise {unknown}
 r - a scroll of amnesia {unknown}
 v - a scroll of teleportation
 I - a scroll of brand weapon {unknown}
 J - a scroll of fog {unknown}
 K - a scroll of magic mapping
 L - a scroll of enchant armour {unknown}
 Q - a scroll of acquirement {unknown}
 S - 2 scrolls of fear {unknown}
Potions
 a - 3 potions of mutation
 b - a potion of might {unknown}
 d - 2 potions of haste
 e - 3 potions of brilliance {unknown}
 h - 2 potions of ambrosia {unknown}
 j - 2 potions of cancellation
 n - 16 potions of curing
 s - a potion of berserk rage {unknown}
 t - 2 potions of attraction
 z - 2 potions of resistance
 A - 3 potions of lignification {unknown}
Miscellaneous
 l - a condenser vane


   Skills:
 - Level 10.0 Fighting
 - Level 1.5 Dodging
 - Level 2.1 Stealth
 - Level 4.0 Shields
 * Level 16.3 Spellcasting
 - Level 1.3 Hexes
 - Level 0.7 Transmutations
 - Level 8.0 Ice Magic
 + Level 15.2 Earth Magic


You had 19 spell levels left.
You knew the following spells:

 Your Spells              Type           Power      Damage    Failure   Level
a - Sandblast             Erth           100%       2d20      0%          1
b - Passwall              Tmut/Erth      53%        N/A       1%          2
c - Stone Arrow           Conj/Erth      100%       3d13      1%          3
d - Frozen Ramparts       Ice            100%       1d12      1%          3
e - Summon Ice Beast      Ice/Summ       48%        N/A       3%          4
f - Shatter               Erth           43%        3d33*     61%         9
g - Cause Fear            Hex            16%        N/A       11%         4

Your spell library contained the following spells:

 Spells                   Type           Power      Damage    Failure   Level
 Eringya's Noxious Bog    Tmut/Pois      13%        N/A       47%         6
 Sting                    Tmut/Pois      100%       1d8       1%          1
 Poisonous Vapours        Pois/Air       48%        N/A       1%          2
 Dazzling Flash           Conj/Hex       56%        N/A       1%          3
 Inner Flame              Hex/Fire       28%        N/A       1%          3
 Animate Armour           Summ/Erth      100%       N/A       1%          4
 Leda's Liquefaction      Hex/Erth       32%        N/A       1%          4
 Petrify                  Tmut/Erth      64%        N/A       1%          4
 Wereblood                Tmut           28%        N/A       2%          2
 Tukima's Dance           Hex            32%        N/A       3%          3
 Ice Form                 Ice/Tmut       50%        N/A       3%          4
 Portal Projectile        Hex/Tloc       56%        N/A       4%          3
 Iskenderun's Mystic Bla  Conj/Tloc      24%        2d7       5%          4
 Olgreb's Toxic Radiance  Pois           24%        N/A       5%          4
 Call Canine Familiar     Summ           24%        N/A       6%          3
 Swiftness                Air            24%        N/A       6%          3
 Yara's Violent Unravell  Hex/Tmut       15%        3d8       10%         5
 Passage of Golubria      Tloc           24%        N/A       19%         4
 Blade Hands              Tmut           14%        N/A       34%         5
 Silence                  Hex/Air        14%        N/A       36%         5
 Agony                    Necr           24%        N/A       45%         5
 Excruciating Wounds      Necr           12%        N/A       45%         5
 Starburst                Conj/Fire      12%        6d5       52%         6
 Summon Hydra             Summ           12%        N/A       100%        7
 Discord                  Hex            16%        N/A       100%        8
 Sublimation of Blood     Necr           Unusable   N/A       N/A         2

Dungeon Overview and Level Annotations

Branches:
Dungeon (13/15)            Temple (1/1) D:4            Lair (5/6) D:10
  Swamp (0/4) Lair:3          Orc (0/2) D:12        Ossuary (visited)
Gauntlet (1/1)
  Snake: Lair:2-4    Spider: Lair:2-4     Slime: Lair:5-6    Vaults: D:13-14

Altars:
Ashenzari
Cheibriados
Dithmenos
Elyvilon
Fedhas
Gozag
Hepliaklqana
Kikubaaqudgha
Makhleb
Nemelex Xobeh
Okawaru
Qazlal
Ru
Sif Muna
Uskayaw
Vehumet
Wu Jian
Xom
Yredelemnul
Zin

Shops:
D:6 =

Annotations:
D:5 1 runed translucent door, diceflayer's ghost, novice OgFi
D:9 2 transporters, Jazqba's ghost, novice HOCK
Lair:1 2 transporters Gauntlet 4 transporters


Innate Abilities, Weirdness & Mutations

You are immune to sickness and miasma.
Your stone body is resilient. (AC +10)
You are immune to poison.
Your large and strong wings let you fly.
You resist negative energy. (rN+)
You are resistant to electric shocks. (rElec)
You are resistant to unholy torment.
You are immune to petrification.


Message History

Okay, then.
Press: ? - help, v - describe, . - travel
Here: a reaper, wielding a +4 scythe of protection (moderately wounded)
The floor.
Aiming: Paralyse
Press: ? - help, Shift-Dir - straight line, f/p - reaper
Aim: a reaper, wielding a +4 scythe of protection (moderately wounded, chance to affect: 1%)
Okay, then.
Aiming: Polymorph
Press: ? - help, Shift-Dir - straight line, f/p - reaper
Aim: a reaper, wielding a +4 scythe of protection (moderately wounded, will become a lorocyproca, a cacodemon, or a balrug, chance to affect: 1%)
The reaper resists with almost no effort.
The reaper barely misses you.
Okay, then.
Casting: Stone Arrow (safe; 1% risk of failure)
Confirm with . or Enter, or press ? or * to list all spells.
Okay, then.
Casting: Stone Arrow (safe; 1% risk of failure)
Confirm with . or Enter, or press ? or * to list all spells.
The spell is potentially lethal to miscast (61% risk of failure)!
Continue anyway?
You feel a surge of power!
You miscast Shatter.
You are very lightly contaminated with residual magic.
You are hit by flying rocks.
You block the reaper's attack.
Casting: Shatter (potentially lethal; 61% risk of failure)
Confirm with . or Enter, or press ? or * to list all spells.
The spell is potentially lethal to miscast (61% risk of failure)!
Continue anyway?
You feel a surge of power!
You miscast Shatter.
You are lightly contaminated with residual magic.
Sand pours from your hands.
The reaper hits you with a +4 scythe of protection!!
* * * LOW HITPOINT WARNING * * *
Casting: Shatter (potentially lethal; 61% risk of failure)
Confirm with . or Enter, or press ? or * to list all spells.
The spell is potentially lethal to miscast (61% risk of failure)!
Continue anyway?
You feel a surge of power!
The dungeon rumbles!
The reaper is severely wounded.
Ka-crash!
You hear a bellow!
The reaper hits you with a +4 scythe of protection!
You die...

## ... .# ... . #.# # #....
#....#.# ###.#.##..###.#.###
##≈...............≈##
#≈≈...@.©.©.©8©8..≈≈#
##≈..2............≈# ## ### ###
################### ##
≈###≈###≈###.................###≈
≈≈#≈≈≈#≈≈≈#...8⌠8..8∩8..8⌠8...#≈≈
.................................
#################################
#8©8#.....#.#8©8#.'...#©#8©8#....
#...#.###.#.#...#.###.#.#...#....


You could see a reaper.

Vanquished Creatures
  Kirke (D:12)
  Josephine (D:11)
  2 yaktaur captains (D:11)
  3 boulder beetles
  An ogre mage (D:11)
  2 centaur warriors
  A hydra (Lair:2)
  Erica (D:11)
  2 two-headed ogres
  A tengu warrior (D:11)
  A deep elf knight (D:13)
  A fire crab (Gauntlet)
  2 deep trolls (D:11)
  A death drake (Gauntlet)
  A bog body (Lair:3)
  2 ugly things
  A deep elf pyromancer (D:11)
  4 deep elf zephyrmancers
  A moth of wrath (Gauntlet)
  6 elephants
  A manticore (D:12)
  4 centaur zombies
  Joseph (D:8)
  7 orange demons (D:10)
  2 black mambas (Lair:5)
  A spectral centaur (Gauntlet)
  An ice statue (Gauntlet)
  2 unseen horrors (D:10)
  7 cane toads
  4 kobold demonologists
  6 komodo dragons
  Maggie (D:8)
  A rime drake (Lair:1)
  2 trolls (D:12)
  2 red devils (D:10)
  Prince Ribbit (D:9)
  9 blink frogs
  A spectral meliai (Gauntlet)
  2 basilisks
  2 shadows
  4 wyverns
  6 fire bats (Gauntlet)
  30 yaks
  6 wraiths
  2 hogs (D:12)
  Grum (D:8)
  9 vampire mosquitoes
  8 water moccasins
  Duvessa (D:4)
  A hell hound (Gauntlet)
  4 orc warriors
  3 black bears
  10 wolves
  A necrophage (D:7)
  2 phantoms
  4 ogres
  7 kobold brigands
  4 gnoll sergeants
  14 bullfrogs
  4 scorpions
  Dowan (D:4)
  5 wights (D:7)
  A howler monkey (D:11)
  2 electric eels (Lair:3)
  3 human zombies (Ossuary)
  4 centaur skeletons
  5 hounds
  A jelly (D:6)
  2 orc priests
  A gnoll shaman (D:3)
  7 iguanas
  3 orc wizards
  A hound skeleton (D:4)
  2 howler monkey zombies
  4 mummies (Ossuary)
  Robin (D:3)
  16 gnolls
  6 adders
  4 white imps
  2 adder skeletons (D:4)
  3 dart slugs
  25 orcs
  7 ball pythons
  13 bats
  13 endoplasms
  14 goblins
  10 hobgoblins
  A jackal (D:1)
  5 kobolds
  5 quokkas
  2 frilled lizards (D:3)
  2 hobgoblin zombies (Ossuary)
  A jackal skeleton (D:4)
  A jackal zombie (Ossuary)
  A kobold zombie (Ossuary)
  An orc zombie (Ossuary)
  8 rats
396 creatures vanquished.

Vanquished Creatures (collateral kills)
  An ugly thing (D:12)
  2 elephants
  A cyclops (D:12)
  2 rime drakes (Gauntlet)
  A troll (D:12)
  A blink frog (Lair:5)
  A yak (D:12)
  3 hogs (D:12)
  A vampire mosquito (D:12)
  A water moccasin (Lair:3)
  A centaur (D:12)
  A kobold brigand (D:12)
  2 gnoll sergeants (D:12)
  A bullfrog (Lair:3)
  4 orcs (D:12)
  A kobold zombie (Ossuary)
  2 orc zombies (Ossuary)
  A rat zombie (Ossuary)
27 creatures vanquished.

Vanquished Creatures (others)
  A human (D:12)
  An orc (D:8)
  14 fungi
  20 plants
36 creatures vanquished.

Grand Total: 459 creatures vanquished

Notes
Turn   | Place    | Note
-------+----------+-------------------------------------------
     0 | D:1      | Crownlay the Gargoyle Earth Elementalist began the quest
                  | for the Orb.
     0 | D:1      | Reached XP level 1. HP: 10/10 MP: 3/3
   192 | D:1      | Found a faded altar of an unknown god.
   195 | D:1      | Reached XP level 2. HP: 15/15 MP: 3/5
   509 | D:1      | Reached XP level 3. HP: 19/19 MP: 7/7
   512 | D:1      | Learned a level 2 spell: Passwall
   516 | D:1      | Learned a level 3 spell: Stone Arrow
   938 | D:1      | Reached skill level 3 in Spellcasting
  1860 | D:2      | Reached XP level 4. HP: 9/24 MP: 9/9
  2958 | D:3      | Found a sacrificial altar of Ru.
  3057 | D:3      | Reached skill level 4 in Spellcasting
  3057 | D:3      | Reached XP level 5. HP: 28/28 MP: 4/11
  3062 | D:3      | Reached skill level 5 in Earth Magic
  4166 | D:3      | Noticed Robin
  4227 | D:3      | Killed Robin
  4228 | D:3      | Reached XP level 6. HP: 13/32 MP: 1/12
  4726 | D:4      | Noticed a black bear
  4732 | D:4      | Killed a black bear
  4733 | D:4      | Reached skill level 1 in Shields
  4733 | D:4      | Reached skill level 1 in Ice Magic
  4858 | D:4      | Noticed Dowan
  4859 | D:4      | Noticed Duvessa
  4869 | D:4      | Killed Duvessa
  4870 | D:4      | Reached skill level 5 in Spellcasting
  4870 | D:4      | Reached XP level 7. HP: 9/36 MP: 5/14
  4873 | D:4      | Killed Dowan
  5313 | D:4      | Found a staircase to the Ecumenical Temple.
  5322 | Temple   | Entered the Ecumenical Temple
  5579 | Temple   | Became a worshipper of Vehumet
  6585 | D:5      | Entered Level 5 of the Dungeon
  6590 | D:5      | Found Doucvosu's Mayhem Merchandise.
  6677 | D:5      | Found a glowing silver altar of Zin.
  6860 | D:5      | Found a runed translucent door.
  6869 | D:5      | Reached skill level 6 in Spellcasting
  6869 | D:5      | Reached XP level 8. HP: 41/41 MP: 12/17
  7417 | D:5      | Noticed diceflayer's ghost (novice OgFi)
  7770 | D:6      | Found Beawkotunn's Jewellery Boutique.
  8037 | D:6      | Reached * piety under Vehumet
  8037 | D:6      | Offered knowledge of Magic Dart by Vehumet.
  8671 | D:7      | Found a sand-covered staircase.
  8684 | Ossuary  | Entered an ossuary
  8697 | Ossuary  | Reached skill level 7 in Spellcasting
  8944 | D:7      | Offered knowledge of Freeze by Vehumet.
  8947 | D:7      | Reached ** piety under Vehumet
  8948 | D:7      | Reached XP level 9. HP: 34/45 MP: 15/20
  9109 | D:7      | Noticed a kobold demonologist
  9110 | D:7      | Noticed a kobold demonologist
  9112 | D:7      | Noticed a smoke demon
  9122 | D:7      | Killed a kobold demonologist
  9123 | D:7      | Reached skill level 8 in Spellcasting
  9124 | D:7      | Killed a kobold demonologist
  9125 | D:7      | Reached skill level 5 in Ice Magic
  9642 | D:8      | Noticed Maggie
  9647 | D:8      | Killed Maggie
  9688 | D:8      | Noticed a two-headed ogre
  9694 | D:8      | Killed a two-headed ogre
  9695 | D:8      | Reached skill level 9 in Spellcasting
  9695 | D:8      | Reached XP level 10. HP: 50/50 MP: 21/23
  9741 | D:8      | Noticed Grum
  9748 | D:8      | Killed Grum
  9856 | D:8      | Identified the +1 ring mail of Shielding {SInv}
  9883 | D:8      | Noticed Joseph
  9893 | D:8      | Killed Joseph
 10408 | D:9      | Noticed Prince Ribbit
 10413 | D:9      | Killed Prince Ribbit
 10474 | D:9      | Noticed Jazqba's ghost (novice HOCK)
 10476 | D:9      | Found a transporter.
 10484 | D:9      | Found a transporter.
 10566 | D:9      | Offered knowledge of Mephitic Cloud by Vehumet.
 10645 | D:9      | Reached skill level 10 in Spellcasting
 10659 | D:9      | Reached skill level 10 in Earth Magic
 10812 | D:9      | Noticed a deep elf zephyrmancer
 10814 | D:9      | Killed a deep elf zephyrmancer
 10888 | D:9      | Reached *** piety under Vehumet
 11240 | D:9      | Learned a level 3 spell: Frozen Ramparts
 11246 | D:10     | Entered Level 10 of the Dungeon
 11246 | D:10     | Noticed a centaur warrior
 11251 | D:10     | Killed a centaur warrior
 11252 | D:10     | Reached XP level 11. HP: 48/54 MP: 21/25
 11301 | D:10     | Reached skill level 11 in Spellcasting
 11339 | D:10     | Found a staircase to the Lair.
 11753 | D:10     | Reached skill level 12 in Spellcasting
 11985 | D:10     | Offered knowledge of Sticky Flame by Vehumet.
 12558 | D:11     | Noticed a deep troll
 12573 | D:11     | Killed a deep troll
 12581 | D:11     | Noticed an ogre mage
 12907 | D:11     | Noticed Erica
 12920 | D:11     | Killed Erica
 12921 | D:11     | Reached XP level 12. HP: 59/59 MP: 18/28
 13101 | D:11     | Noticed a tengu warrior
 13104 | D:11     | Killed a tengu warrior
 13105 | D:11     | Reached skill level 13 in Spellcasting
 13549 | D:11     | Noticed a boulder beetle
 13584 | D:11     | Killed a boulder beetle
 13816 | D:11     | Killed an ogre mage
 13994 | D:11     | Noticed a two-headed ogre
 14000 | D:11     | Killed a two-headed ogre
 14058 | D:11     | Noticed Josephine
 14068 | D:11     | Killed Josephine
 14434 | D:11     | Noticed a yaktaur captain
 14435 | D:11     | Reached skill level 14 in Spellcasting
 14438 | D:11     | Killed a yaktaur captain
 14549 | D:11     | Identified the ring "Etinatuy" {rPois rF+ rN+++ Will-
                  | Dex-3}
 14927 | D:11     | Reached **** piety under Vehumet
 15006 | D:11     | Noticed a centaur warrior
 15008 | D:11     | Killed a centaur warrior
 15009 | D:11     | Reached skill level 1 in Fighting
 15035 | D:11     | Noticed a yaktaur captain
 15041 | D:11     | Killed a yaktaur captain
 15042 | D:11     | Reached skill level 1 in Hexes
 15487 | D:11     | Got the Grimoire of Feathery Stones
 15525 | D:11     | Identified the +8 plate armour of the Ward {rF+++ Will-
                  | Dex-5 SInv}
 15631 | D:12     | Learned a level 4 spell: Summon Ice Beast
 15686 | D:12     | Reached XP level 13. HP: 61/68 MP: 9/31
 15804 | D:12     | Noticed Kirke
 15807 | D:12     | Noticed a sphinx
 16080 | D:12     | Killed Kirke
 16502 | D:12     | Found a staircase to the Orcish Mines.
 16506 | D:12     | Offered knowledge of Yara's Violent Unravelling by Vehumet.
 16525 | D:12     | Reached skill level 5 in Fighting
 16951 | D:12     | Identified the +4 plate armour of Zufaroni {-Cast rElec
                  | rN+++ rCorr Str-5}
 17032 | D:12     | Reached skill level 15 in Spellcasting
 17495 | Lair:1   | Entered Level 1 of the Lair of Beasts
 17627 | Lair:1   | Found a transporter.
 17933 | Lair:1   | Reached ***** piety under Vehumet
 17964 | Lair:1   | Found a transporter.
 18397 | Lair:1   | Offered knowledge of Eringya's Noxious Bog by Vehumet.
 19402 | Lair:2   | Learned a level 9 spell: Shatter
 20081 | Lair:3   | Found a staircase to the Swamp.
 20084 | Lair:3   | Gained mutation: Your large and strong wings let you fly.
                  | [Gargoyle growth]
 20084 | Lair:3   | Reached XP level 14. HP: 80/84 MP: 27/33
 20109 | Lair:2   | Learned a level 4 spell: Cause Fear
 20810 | Lair:3   | You are sucked into a shaft and drop 2 floors!
 20852 | Lair:5   | Reached skill level 16 in Spellcasting
 21216 | Lair:5   | Reached skill level 15 in Earth Magic
 21292 | Lair:5   | Found a gate leading to a gauntlet.
 21300 | Gauntlet | Entered a Gauntlet
 21300 | Gauntlet | Found a transporter.
 21419 | Gauntlet | Found a transporter.
 21422 | Gauntlet | Found a transporter.
 21423 | Gauntlet | Found a transporter.
 21429 | Gauntlet | Found a runed translucent gate.
 21429 | Gauntlet | Found a runed translucent gate.
 21431 | Gauntlet | Found a transporter.
 21431 | Gauntlet | Found a runed translucent gate.
 21434 | Gauntlet | Found a transporter.
 21435 | Gauntlet | Found a transporter.
 21443 | Gauntlet | Found a runed translucent door.
 21447 | Gauntlet | Found a transporter.
 21454 | Gauntlet | Found a transporter.
 21455 | Gauntlet | Found a transporter.
 21456 | Gauntlet | Found a transporter.
 21459 | Gauntlet | Found a transporter.
 21460 | Gauntlet | Found a transporter.
 21462 | Gauntlet | Noticed a reaper
 21464 | Gauntlet | Found a runed translucent door.
 21468 | Gauntlet | Found a transporter.
 21494 | Gauntlet | Found a runed translucent door.
 22936 | Gauntlet | Identified the ring "Pyrirch" {rN++ rCorr Str+2}
 22973 | Gauntlet | Reached skill level 10 in Fighting
 23141 | Gauntlet | HP: 3/88 [reaper (22)]
 23142 | Gauntlet | Mangled by a reaper

Illustrated notes

Levels and vault maps discovered:
D:1:      minmay_arrival_cross, layout_loops_ring, basic_ecumenical_altar,
          supply_closet_lemuel, minmay_split_cup_large
D:2:      layout_loops_ring, minmay_pentomino_v2
D:3:      minmay_razor_zed, layout_loops_corners,
          mainiacjoe_overflow_cross_hatched, st_stairs_12, uniq_robin
D:4:      layout_basic, minmay_temple_entry_gardened_gates, uniq_duvessa
D:5:      layout_basic, zin_scriptorium, ebering_ghost_reflecting_pool,
          eino_small_chamber_without_monster, minmay_shop_mayhem
D:6:      layout_loops_corners, serial_shops, shop
D:7:      layout_cave_pools, nicolae_ossuary_entry_ruins
D:8:      layout_basic, uniq_maggie, uniq_joseph, uniq_grum
D:9:      layout_basic, gammafunk_ghost_arena, guppyfry_early_elven_hall,
          uniq_prince_ribbit1
D:10:     layout_small_grid, dpeg_oklobed_lair, minmay_beelzebubs_servants
D:11:     minmay_chopped_fan, layout_stronghold, uniq_josephine, uniq_erica
D:12:     layout_gridville, kennysheep_orc_monster_closet_entryway, uniq_kirke
D:13:     layout_stronghold, hangedman_vaults_entry_quadrant_bands,
          nicolae_trove_entry_isolated, gammafunk_ghost_hydra_chop,
          portal_ice_cave_rime
Temple:   mainiacjoe_temple_cubbyholes
Lair:1:   gammafunk_cloud_chamber, layout_chaotic_city, minmay_stone_trees_small
Lair:2:   layout_roguey, beast_lair_carwin_10, grunt_megastairs_1
Lair:3:   layout_chaotic_city, skrybe_swamp_entry_bodies, grunt_megastairs_3
Lair:5:   layout_small_grid, gauntlet_entry_generic, pf_torpor_hydra
Gauntlet: gammafunk_gauntlet_77_escape_option [minmay_gauntlet_arena_77_mess,
          minmay_gauntlet_arena_77_run_for_it, minmay_gauntlet_arena_77_path,
          minmay_gauntlet_arena_77_mirror, minmay_gauntlet_arena_77_shame_cube,
          nicolae_gauntlet_exit_dead_adventurers]

Skill      XL: |  1  2  3  4  5  6  7  8  9 10 11 12 13 14 |
---------------+-------------------------------------------+-----
Earth Magic    | 4 5 6 7 9 10 12 13 14 15 | 15.2
Spellcasting   | 3 4 5 6 7 9 10 12 14 15 16 | 16.3
Shields        | 1 3 4 |  4.0
Ice Magic      | 1 2 4 5 7 8 |  8.0
Fighting       | 3 8 10 | 10.0
Hexes          | 1 |  1.3
Dodging        | |  1.5
Stealth        | |  2.1
Transmutations | |  0.7

Action                   |  1- 3 |  4- 6 |  7- 9 | 10-12 | 13-15 || total
-------------------------+-------+-------+-------+-------+-------++-------
Melee: Unarmed           |     5 |       |       |       |       ||     5
       Spear             |    81 |   192 |     9 |       |       ||   282
       Punch             |     2 |       |       |       |       ||     2
       Mace              |       |       |       |    11 |    65 ||    76
 Cast: Sandblast         |    16 |    39 |   123 |   148 |    97 ||   423
       Stone Arrow       |       |       |    14 |   139 |   211 ||   364
       Summon Ice Beast  |       |       |       |     2 |    23 ||    25
       Frozen Ramparts   |       |       |       |     1 |    29 ||    30
       Shatter           |       |       |       |       |     1 ||     1
Evoke: Wand              |       |       |       |    18 |     7 ||    25
  Use: Scroll            |       |     3 |     6 |     8 |     6 ||    23
       Potion            |       |       |       |     1 |     3 ||     4
 Stab: Sleeping          |     5 |     7 |       |       |       ||    12
       Distracted        |     1 |       |       |       |       ||     1
       Paralysed         |       |       |       |    10 |       ||    10
Armor: Robe              |    25 |    82 |    21 |    88 |    96 ||   312
Dodge: Dodged            |    52 |   153 |    48 |    79 |   100 ||   432
Block: Buckler           |       |     9 |     9 |    27 |    59 ||   104
